 Dungeon Crawl Stone Soup version 0.23.0 (webtiles) character file.

Game seed: 18041546906927759662

84 vishdafish the Skirmisher (level 4, 0/67 HPs)
             Began as an Ogre Skald on Feb 16, 2019.
             Succumbed to an adder's poison
             ... on level 2 of the Dungeon.
             The game lasted 00:03:29 (2077 turns).

vishdafish the Skirmisher (Ogre Skald)              Turns: 2077, Time: 00:03:30

Health: 0/67       AC: 22    Str: 12 (15) XL:     4   Next: 45%
Magic:  8/8        EV:  1    Int: 14 (17) God:
Gold:   110        SH:  0    Dex:  6 (8)  Spells: 4/9 levels left

rFire    . . .     SeeInvis .   a - +0 mace
rCold    . . .     Gourm    .   (no shield)
rNeg     + + +     Faith    .   (armour currently unavailable)
rPois    +         Spirit   .   (helmet currently unavailable)
rElec    .         Reflect  .   (cloak currently unavailable)
rCorr    .         Harm     .   (gloves unavailable)
MR       .....     NoTele   +   (boots unavailable)
Stlth    +.........             (no amulet)
HPRegen  0.21/turn              (no ring)
MPRegen  0.11/turn              (no ring)

@: lethally poisoned (0 -> -1), tree-form
A: large, unfitting armour, clever 1
a: no special abilities


You were on level 2 of the Dungeon.
You were very hungry.
You were a tree.
You visited 1 branch of the dungeon, and saw 3 of its levels.

You collected 110 gold pieces.

Inventory:

Hand Weapons
 a - a +0 mace (weapon)
Armour
 b - a +0 robe (melded)
Scrolls
 c - a scroll of blinking
 e - a scroll of amnesia
 g - 2 scrolls of remove curse
 i - a scroll of teleportation
Potions
 f - 2 potions of mutation
 j - a potion of degeneration
Comestibles
 d - 9 rations


   Skills:
 + Level 3.4 Fighting
 * Level 2.8 Maces & Flails
 + Level 2.5 Dodging
 + Level 3.1 Spellcasting
 + Level 3.1 Charms


You had 4 spell levels left.
You knew the following spells:

 Your Spells              Type           Power        Failure   Level  Hunger
a - Infusion              Chrm           ##..         6%          1    #......
b - Song of Slaying       Chrm           ##......     9%          2    ##.....
c - Shroud of Golubria    Chrm/Tloc      #.........   17%         2    ##.....

Your spell library contained the following spells:

 Spells                   Type           Power        Failure   Level  Hunger
 Regeneration             Chrm/Necr      #.........   32%         3    ###....
 Spectral Weapon          Hex/Chrm       #.......     32%         3    ###....


Dungeon Overview and Level Annotations

Branches:
Dungeon (3/15)

Altars:
Nemelex Xobeh


Innate Abilities, Weirdness & Mutations

You are too large for most types of armour.
((You have tough skin. (AC +1)))
((You can translocate small distances at will.))
Your mind is acute. (Int +2)
((Your movements are slightly less encumbered by armour. (ER -2)))


Message History

The adder bites you but does no damage.
You cannot move.
You miss the adder.
The adder is lightly wounded.
* * * LOW HITPOINT WARNING * * *
You feel sick. The adder completely misses you.
The adder bites you but does no damage.
You completely miss the adder.
The adder is lightly wounded.
You are feeling very hungry.
The adder bites you but does no damage. x2
You hit the adder.
The adder is heavily wounded.
* * * LOW HITPOINT WARNING * * *
You feel sick. The adder bites you but does no damage.
You hit the adder.
You kill the adder!
You feel your dexterity returning.
You closely miss the goblin.
You die...

.##..# #...#...#
.##..# #.......#
###..# ###...###
###..# #>..#
.....# #...##
##..## #....#
##.## #§§§.# ##.#
##g#.# ##.# #♣#.#
##.# ######§#.#
[#.# #....§§§.#
...# #.####.###
.### #.# #.# ####
#.# #.#
...########.####.#
##............##.#
#.########.#.##.#


You could see a goblin.

Vanquished Creatures
  2 adders (D:2)
  3 oozes
  2 dart slugs (D:1)
  2 leopard geckos
  5 giant cockroaches
  4 goblins
  7 hobgoblins
  7 bats
  3 frilled lizards
  6 kobolds
  7 rats
48 creatures vanquished.

Notes
Turn   | Place    | Note
-------+----------+-------------------------------------------
     0 | D:1      | vishdafish the Ogre Skald began the quest for the Orb.
     0 | D:1      | Reached XP level 1. HP: 22/22 MP: 3/3
   137 | D:1      | Reached XP level 2. HP: 11/29 MP: 5/5
   447 | D:1      | Learned a level 2 spell: Song of Slaying
   450 | D:1      | Learned a level 2 spell: Shroud of Golubria
   540 | D:1      | Reached XP level 3. HP: 16/37 MP: 7/7
  1469 | D:2      | Reached XP level 4. HP: 30/45 MP: 8/8
  1549 | D:2      | Gained mutation: Your movements are slightly less
                  | encumbered by armour. (ER -2) [potion of mutation]
  1549 | D:2      | Gained mutation: You can translocate small distances at
                  | will. [potion of mutation]
  1549 | D:2      | Gained mutation: Your mind is acute. (Int +2) [potion of
                  | mutation]
  1823 | D:2      | Found a sparkling altar of Nemelex Xobeh.
  2070 | D:2      | HP: 3/67 [adder (1)]
  2073 | D:2      | HP: 1/67 [poisoned by an adder]
  2077 | D:2      | Succumbed to an adder's poison

Skill      XL: |  1  2  3 |
---------------+----------+-----
Maces & Flails | 2 |  2.8
Fighting       | 3 |  3.4
Charms         | 3 |  3.1
Spellcasting   | 3 |  3.1
Dodging        | |  2.5

Action                   |  1- 3 |  4- 6 || total
-------------------------+-------+-------++-------
Melee: Mace              |   129 |    40 ||   169
 Cast: Infusion          |     1 |       ||     1
       Song of Slaying   |     1 |       ||     1
  Use: Scroll            |       |     7 ||     7
       Potion            |       |     3 ||     3
  Eat: Chunk             |     2 |     1 ||     3
Armor: Robe              |    51 |    17 ||    68
       Skin              |       |    17 ||    17
Dodge: Dodged            |    89 |    27 ||   116
